 Dungeon Crawl Stone Soup version 0.29-a0-551-gffc1d7fb78 (webtiles) character file.

Game seed: 2243322585925522940

51 vulpzor the Magician (level 4, -1/31 HPs)
             Began as a Djinni Fire Elementalist on June 5, 2022.
             Was an Initiate of Hepliaklqana.
             Slain by Grinder (6 damage)
             ... on level 3 of the Dungeon.
             The game lasted 00:18:18 (2894 turns).

vulpzor the Magician (Djinni Fire Elementalist)     Turns: 2894, Time: 00:18:19

Health: -1/31      AC:  2    Str:  7    XL:     4   Next: 5%
Gold:   103        EV: 12    Int: 19    God:    Hepliaklqana [......] SH:  0 Dex: 13

rFire   + + .      SeeInvis .   d - +2 dagger (elec)
rCold   x . .      Faith    .   (no shield)
rNeg    . . .      Spirit   .   a - +0 robe
rPois   ∞          Reflect  .   (no helmet)
rElec   .          Harm     .   (no cloak)
rCorr   .          Rampage  .   (no gloves)
Will    .....                   (boots unavailable)
Stlth   ++........              (no amulet)
HPRegen 0.10/turn               g - ring of wizardry
MPRegen 0.00/turn               k - ring of wizardry

@: about to teleport, flying
A: sickness immunity, fire resistance 2, cold vulnerability 1, float, innate
caster, HP casting, extra vitality 1
a: Renounce Religion


You were on level 3 of the Dungeon.
You worshipped Hepliaklqana.
Hepliaklqana was noncommittal.
You visited 1 branch of the dungeon, and saw 3 of its levels.

You collected 114 gold pieces.
You donated 11 gold pieces to Zin.

Inventory:

Hand Weapons
 b - a +1 whip of venom
 d - a +2 dagger of electrocution (weapon)
Armour
 a - a +0 robe (worn)
Jewellery
 g - a ring of wizardry (left hand)
 k - a ring of wizardry (right hand)
Scrolls
 h - a scroll of noise
 m - a scroll of poison {unknown}
Potions
 c - 2 potions of lignification {unknown}
 e - a potion of mutation {unknown}
 f - a potion of degeneration {unknown}
 j - a potion of invisibility
 l - a potion of magic {unknown}
 n - a potion of berserk rage {unknown}


   Skills:
 + Level 0.1 Fighting
 + Level 2.4 Dodging
 + Level 1.9 Stealth
 + Level 3.4 Spellcasting


You couldn't memorise any spells.
You knew the following spells:

 Your Spells              Type           Power      Damage    Failure   Level
a - Foxfire               Conj/Fire      64%        2x1d7     1%          1
b - Scorch                Fire           32%        2d7       1%          2
c - Conjure Flame         Conj/Fire      16%        6-21      3%          3
d - Inner Flame           Hex/Fire       16%        N/A       3%          3
e - Flame Wave            Conj/Fire      16%        2d6       10%         4
f - Beastly Appendage     Tmut           32%        N/A       1%          1
Your spell library was empty.

Dungeon Overview and Level Annotations

Branches:
Dungeon (3/15)

Altars:
Hepliaklqana
Zin
The Shining One

Annotations:
D:3 Grinder, Robin


Innate Abilities, Weirdness & Mutations

You are immune to sickness and miasma.
You are immune to poison.
Your flesh is very heat resistant. (rF++)
You are vulnerable to cold. (rC-)
You float through the air rather than walking.
You learn spells naturally, not from books.
Your magical power is your life essence.
You have superior vitality. (+4 MHP)


Message History

Flames lash the goblin.
You kill the goblin!
You hear a shout!
Casting: Scorch (safe; 1% risk of failure)
Confirm with . or Enter, or press ? or * to list all spells.
Flames lash Grinder.
Grinder is moderately wounded.
Grinder's fire resistance burns away.
Grinder gestures at you.
You suddenly lose the ability to move!
Grinder hits you.
You can move again.
Casting: Scorch (safe; 1% risk of failure)
Confirm with . or Enter, or press ? or * to list all spells.
Flames lash the hobgoblin.
You kill the hobgoblin!
A hobgoblin comes into view.
Grinder gestures at you. You resist with significant effort.
Casting: Scorch (safe; 1% risk of failure)
Confirm with . or Enter, or press ? or * to list all spells.
The spell is quite dangerous to miscast (10% risk of failure)!
Continue anyway?
Casting: Flame Wave (quite dangerous; 10% risk of failure)
Press: ? - help, Dir - look around, f - activate Look: Grinder (moderately wounded, more vulnerable to fire)
A wave of flame ripples out!
The flame wave engulfs Grinder.
Grinder is burned terribly!
Grinder is heavily wounded. (Press . to intensify the flame waves.) Grinder is no longer more vulnerable to fire.
Robin of the Strong Arm comes into view.
They are wielding a +0 dagger.
Grinder hits you!
* * * LOW HITPOINT WARNING * * *
You writhe in agony.
* * * LOW HITPOINT WARNING * * *
As you read the scroll of teleportation, it crumbles to dust.
You feel strangely unstable. Robin throws the goblin at you!
* * * LOW HITPOINT WARNING * * *
The goblin closely misses you. Grinder hits you.
You die...

#....# #.......# #....#
#gg.....# #....# #.gg....#
#....# #g5<....# #....##
#g......# ###.....######
#...?...# ..............
+.......#
###.....###########g.....#
.........#.....g@5gg...###
.#######.#.########.....#
.# #.#.# #.....# .# #.#.#
#.....# †#######.#.#
#.....# .......#.#.#
#.....# ####.###.#.#
#.....# .........#.#
#.....# ####.#.....#


You could see Grinder, Robin and 3 goblins.

Vanquished Creatures
  A worm (D:2)
  2 dart slugs (D:1)
  5 endoplasms
  2 giant cockroaches (D:1)
  9 goblins
  4 hobgoblins
  2 quokkas
  3 ball pythons
  3 frilled lizards
  6 kobolds
  3 rats
40 creatures vanquished.

Vanquished Creatures (others)
  37 foxfires (D:1)
37 creatures vanquished.

Grand Total: 77 creatures vanquished

Notes
Turn   | Place    | Note
-------+----------+-------------------------------------------
     0 | D:1      | vulpzor the Djinni Fire Elementalist began the quest for
                  | the Orb.
     0 | D:1      | Reached XP level 1. HP: 15/15 MP: 0/0
   241 | D:1      | Reached XP level 2. HP: 15/21 MP: 0/0
   817 | D:1      | Reached skill level 3 in Spellcasting
   819 | D:1      | Reached XP level 3. HP: 22/25 MP: 0/0
   819 | D:1      | Learned a level 1 spell: Beastly Appendage
  1224 | D:1      | Found a faded altar of an unknown god.
  1232 | D:1      | Prayed at the altar of an unknown god.
  1232 | D:1      | Became a worshipper of Zin the Law-Giver
  1232 | D:1      | Reached * piety under Zin
  1620 | D:2      | Reached ** piety under Zin
  1938 | D:2      | Found a hazy altar of Hepliaklqana.
  1949 | D:2      | Fell from the grace of Zin
  1949 | D:2      | Became a worshipper of Hepliaklqana the Forgotten
  2687 | D:3      | Found a glowing golden altar of the Shining One.
  2879 | D:3      | Noticed Grinder
  2881 | D:3      | Reached XP level 4. HP: 28/31 MP: 0/0
  2888 | D:3      | Paralysed by Grinder for 4 turns
  2893 | D:3      | Noticed Robin
  2894 | D:3      | Slain by Grinder

Illustrated notes

Levels and vault maps discovered:
D:1:      dpeg_arrival_rhombi, layout_loops_corners,
          shapermc_ecumenical_altar_totnotflames, serial_park_tiny_pond
D:2:      layout_basic, basic_altar
D:3:      layout_basic, nicolae_gozag_cash_rules_everything_around_me,
          mainiacjoe_overflow_tiny_flanked, kennysheep_generic_room_6,
          uniq_ijyb, uniq_grinder, uniq_robin

Skill      XL: |  1  2 |
---------------+-------+-----
Spellcasting   | 3 |  3.4
Fighting       | |  0.1
Dodging        | |  2.4
Stealth        | |  1.9

Action                   |  1- 3 |  4- 6 || total
-------------------------+-------+-------++-------
Melee: Unarmed           |    10 |       ||    10
       Dagger            |     7 |       ||     7
       Headbutt          |     2 |       ||     2
 Cast: Foxfire           |    24 |       ||    24
       Scorch            |    22 |     3 ||    25
       Beastly Appendage |     1 |       ||     1
       Flame Wave        |       |     1 ||     1
  Use: Scroll            |     5 |     1 ||     6
Armor: Robe              |     3 |       ||     3
Dodge: Dodged            |    10 |     2 ||    12

Table legend: (Time is in decaauts)
 A = Elapsed time spent in this place.
 B = Non-inter-level travel time spent in this place.
 C = Inter-level travel time spent in this place.
 D = Time resting spent in this place.
 E = Time spent auto-exploring this place.
 F = Levels seen in this place.
 G = Mean time per level.
                   A        B        C        D        E       F      G
               +--------+--------+--------+--------+--------+-----+--------+
         Total |   2891 |   2891 |      0 |    243 |    964 |   3 |  963.7 |
       Dungeon |   2891 |   2891 |      0 |    243 |    964 |   3 |  963.7 |
               +--------+--------+--------+--------+--------+-----+--------+

Top non-repeatable levels by time:
     D:1: 1537 daAuts
     D:2: 1096 daAuts
     D:3: 257 daAuts
